 Dungeon Crawl Stone Soup version 0.22-a0-515-g75794bf (webtiles) character file.

205 iamserjio the Ducker (level 5, -1/52 HPs)
             Began as an Octopode Wanderer on June 19, 2018.
             Slain by a crocodile (9 damage)
             ... in a sewer.
             The game lasted 00:07:48 (2828 turns).

iamserjio the Ducker (Octopode Wanderer)            Turns: 2828, Time: 00:07:49

Health: -1/52      AC: 22    Str: 12    XL:     5   Next: 83%
Magic:  4/6        EV:  2    Int: 15    God:
Gold:   205        SH:  0    Dex: 11    Spells: 3/6 levels left

rFire    . . .     SeeInvis .     - Unarmed
rCold    . . .     Gourm    .   (no shield)
rNeg     + + +     Faith    .   (helmet currently unavailable)
rPois    +         Spirit   .   (no amulet)
rElec    .         Reflect  .   (no ring)
rCorr    .         Harm     .   (no ring)
MR       .....     NoTele   +   (no ring)
Stlth    ++........             (no ring)
HPRegen  0.17/turn              (no ring)
MPRegen  0.10/turn              (no ring)
                                (no ring)
                                (no ring)

@: tree-form
A: almost no armour, stealthy swim, (amphibious), 8 rings, (constrict 8)
a: no special abilities


You were in a sewer.
You were not hungry.
You were a tree.
You visited 1 branch of the dungeon, and saw 3 of its levels.
You also visited: Sewer.

You collected 205 gold pieces.

Inventory:

Hand Weapons
 a - a +2 quarterstaff
Missiles
 f - 97 stones (quivered)
Armour
 t - a +0 shield
Jewellery
 s - an uncursed amulet of rage {unknown}
Wands
 q - a wand of polymorph (12)
Scrolls
 c - 3 scrolls of teleportation
 e - a scroll of remove curse {unknown}
 g - a scroll of enchant weapon {unknown}
 h - a scroll of enchant armour {unknown}
 i - 3 scrolls of immolation
 k - a scroll of amnesia {unknown}
 l - a scroll of blinking {unknown}
 o - a scroll of noise {unknown}
 p - a scroll of identify {unknown}
 r - a scroll of random uselessness {unknown}
Potions
 b - a potion of lignification
 j - 4 potions of curing {unknown}
 m - a potion of resistance {unknown}
 n - a potion of cancellation {unknown}
 v - a potion of haste {unknown}
Comestibles
 d - 9 rations


   Skills:
 + Level 2.3 Fighting
 - Level 1.0 Staves
 - Level 1.0 Throwing
 + Level 3.7 Dodging
 + Level 3.6 Stealth
 * Level 3.0 Unarmed Combat
 + Level 1.1 Spellcasting
   Level 2.0 Translocations
 * Level 0.9 Transmutations
 + Level 0.8 Poison Magic


You had 3 spell levels left.
You knew the following spells:

 Your Spells              Type           Power        Failure   Level  Hunger
a - Spider Form           Tmut/Pois      #.........   45%         3    ####...

Your spell library contained the following spells:

 Spells                   Type           Power        Failure   Level  Hunger
 Blade Hands              Tmut           #.........   99%         5    ######.
 Ice Form                 Ice/Tmut       #.......     90%         4    #####..
 Sticks to Snakes         Tmut           #.......     26%         2    ###....
 Beastly Appendage        Tmut           #.....       17%         1    ##.....


Dungeon Overview and Level Annotations

Branches:
Dungeon (3/15)

Altars:
Sif Muna
Vehumet


Innate Abilities, Weirdness & Mutations

You cannot wear most types of armour.
You are very stealthy in the water. (Stealth+)
((You are amphibious.))
You can wear up to eight rings at the same time.
((You can use your tentacles to constrict eight enemies at once.))
((Your skin changes colour to match your surroundings (Stealth+).))
((Your rubbery body absorbs attacks. (AC +1, EV +1)))


Message History

The crocodile bites you!
You closely miss the crocodile.
The crocodile is lightly wounded.
The crocodile bites you.
* * * LOW HITPOINT WARNING * * *
You hit the crocodile.
The crocodile is moderately wounded.
The crocodile bites you.
* * * LOW HITPOINT WARNING * * *
You smack the crocodile!
The crocodile is severely wounded.
The crocodile bites you.
* * * LOW HITPOINT WARNING * * *
You hit the crocodile but do no damage.
The crocodile is severely wounded.
The crocodile barely misses you.
You hit the crocodile.
The crocodile is almost dead.
The crocodile bites you!
You die...

####### ##$[$!$##
#..$($..#
#.......#
#...t...#
#...♣...#
#.......#
##.....## ###.###
####### #.#
##.....## #.#
##...≈...#
#.#######...≈≈≈÷..
#..........≈≈≈≈≈.∩
#.#######...≈≈≈...


You could see a crocodile.

Vanquished Creatures
  A jelly (D:2)
  A worker ant (D:2)
  A river rat (D:3)
  5 adders
  2 worms
  4 dart slugs
  4 leopard geckos
  6 orcs (D:3)
  4 giant cockroaches
  9 goblins
  6 hobgoblins
  2 quokkas (D:2)
  15 bats
  A frilled lizard (D:2)
  7 kobolds
  6 rats
74 creatures vanquished.

Notes
Turn   | Place    | Note
-------+----------+-------------------------------------------
     0 | D:1      | iamserjio the Octopode Wanderer began the quest for the Orb.
     0 | D:1      | iamserjio set off with: a +2 quarterstaff, a potion of lignification, a scroll of teleportation, a ration
     0 | D:1      | Reached XP level 1. HP: 13/13 MP: 2/2
   139 | D:1      | Reached skill level 1 in Unarmed Combat
   139 | D:1      | Reached XP level 2. HP: 7/18 MP: 3/3
   679 | D:1      | Reached XP level 3. HP: 10/23 MP: 4/4
  1273 | D:2      | Reached XP level 4. HP: 21/29 MP: 5/5
  2071 | D:2      | Reached XP level 5. HP: 31/34 MP: 6/6
  2161 | D:3      | Learned a level 3 spell: Spider Form
  2391 | D:3      | Found a radiant altar of Vehumet.
  2499 | D:3      | Found a deep blue altar of Sif Muna.
  2576 | D:3      | Found a glowing drain.
  2580 | Sewer    | Entered a sewer
  2784 | Sewer    | Noticed a crocodile
  2828 | Sewer    | Slain by a crocodile

Vault maps used:
D:1:      nicolae_arrival_memento_mori
D:2:      minmay_pentomino_z2
D:3:      led_sif_book, vehumet_crystals, marbit_many_paths,
          gup_sewer_entry_spiral
Sewer:    sewer_big_baddie

Skill      XL: |  1  2  3  4  5 |
---------------+----------------+-----
Unarmed Combat | 1 2 3 |  3.0
Stealth        | 2 3 |  3.6
Fighting       | 2 |  2.3
Staves         | |  1.0
Throwing       | |  1.0
Dodging        | |  3.7
Spellcasting   | |  1.1
Translocations | |  2.0
Transmutations | |  0.9
Poison Magic   | |  0.8

Action                   |  1- 3 |  4- 6 || total
-------------------------+-------+-------++-------
Melee: Quarterstaff      |    46 |    91 ||   137
       Tentacles         |     9 |    11 ||    20
       Constrict         |     7 |    26 ||    33
       Unarmed           |       |    20 ||    20
       Punch             |       |     1 ||     1
 Cast: Spider Form       |       |     1 ||     1
  Use: Scroll            |       |     1 ||     1
       Potion            |       |     1 ||     1
 Stab: Sleeping          |     9 |     7 ||    16
  Eat: Chunk             |     1 |     5 ||     6
Armor: Skin              |     6 |    14 ||    20
Dodge: Dodged            |    38 |    97 ||   135

Table legend:
 A = Spawn XP
 B = Non-spawn XP
 C = Spawn XP percentage of total XP
 D = Spawn monster count
 E = Non-spawn monster count
 F = Spawn count percentage of total count
 G = Total turns spent on level
                    A         B        C        D         E        F      G
               +---------+---------+-------+---------+---------+-------+---------
         Total |       0 |     293 |   0.0 |       0 |      74 |   0.0 |  2828
               +---------+---------+-------+---------+---------+-------+---------
           D:1 |       0 |      44 |   0.0 |       0 |      22 |   0.0 |  1201
           D:2 |       0 |     148 |   0.0 |       0 |      21 |   0.0 |   930
           D:3 |       0 |      94 |   0.0 |       0 |      26 |   0.0 |   449
         Sewer |       0 |       7 |   0.0 |       0 |       5 |   0.0 |   248
               +---------+---------+-------+---------+---------+-------+---------
